 Dungeon Crawl Stone Soup version 0.27-a0-1184-ge86db4a01e (webtiles) character file.

Game seed: 1939186679137799959

231 dduke234 the Ruffian (level 5, 0/40 (53) HPs)
             Began as a Troll Monk on May 18, 2021.
             Was a Plaything of Xom.
             Slain by a killer bee zombie (4 damage)
             ... on level 7 of the Dungeon.
             The game lasted 00:05:52 (2369 turns).

dduke234 the Ruffian (Troll Monk)                   Turns: 2369, Time: 00:05:53

HP:   0/40 (53)     AC:  4    Str: 20    XL:     5   Next: 73%
MP:   4/4           EV: 15    Int:  6    God:    Xom [....*.]
Gold: 62            SH:  0    Dex: 14    Spells: 4/4 levels left

rFire    . . .     SeeInvis .     - Unarmed
rCold    . . .     Faith    .   (no shield)
rNeg     . . .     Spirit   .   a - +0 robe
rPois    .         Reflect  .   (helmet restricted)
rElec    .         Harm     .   (no cloak)
rCorr    .         Rampage  .   (gloves unavailable)
Will     .....     Clarity  +   (boots unavailable)
Stlth    ++........             (no amulet)
HPRegen  1.13/turn              f - +4 ring of evasion
MPRegen  0.09/turn              (no ring)

@: slowed, heavily drained, very slow
A: large, unfitting armour, claws 3, regeneration 1, shaggy fur 1, tough skin 1,
horns 1, agile 1, clarity, MP-powered wands
a: Renounce Religion


You were on level 7 of the Dungeon.
You worshipped Xom.
You were a beloved toy of Xom.
You visited 1 branch of the dungeon, and saw 5 of its levels.

You collected 62 gold pieces.

Inventory:

Armour
 a - a +0 robe (worn)
 b - a +0 helmet
Jewellery
 c - a ring of willpower
 f - a +4 ring of evasion (left claw)
Scrolls
 d - a scroll of teleportation
 g - a scroll of blinking
 i - 2 scrolls of enchant weapon {unknown}
 j - a scroll of fear
Potions
 e - a potion of degeneration


   Skills:
 * Level 3.0 Fighting
 * Level 1.2 Armour
 * Level 3.4 Dodging
 - Level 1.0 Stealth
 * Level 5.0 Unarmed Combat


You had 4 spell levels left.
You didn't know any spells.
Your spell library contained the following spells:

 Spells                   Type           Power      Damage    Failure   Level
 Magic Dart               Conj           0%         1d3       45%         1
 Blink                    Tloc           N/A        N/A       58%         2
 Call Imp                 Summ           0%         N/A       58%         2
 Slow                     Hex            0%         N/A       58%         2
 Conjure Flame            Conj/Fire      0%         6-21      83%         3
 Mephitic Cloud           Conj/Pois/Air  0%         N/A       83%         3


Dungeon Overview and Level Annotations

Branches:
Dungeon (4/15)
 Temple: D:4-7

Altars:
Vehumet
Xom

Shops:
D:1 (![


Innate Abilities, Weirdness & Mutations

You are too large for most types of armour.
You have claws for hands.
Your natural rate of healing is unusually fast.
You are covered in fur. (AC +1)
You have tough skin. (AC +1)
You have a pair of small horns on your head.
You are agile. (Dex +2)
You possess an exceptional clarity of mind.
You expend magic power (3 MP) to strengthen your wands.


Message History

The killer bee zombie hits you. The hornet stings you!
You feel as though you will be slow longer.
The killer bee zombie closely misses you.
The hornet stings you!
You feel as though you will be slow longer.
The jelly quivers.
You scratch the killer bee zombie.
Your headbutt misses the killer bee zombie.
The killer bee zombie is lightly damaged.
You hear Xom's avuncular chuckle.
The hornet evaporates and reforms as a rime drake!
The killer bee zombie barely misses you.
The killer bee zombie hits you but does no damage.
The rime drake bites you but does no damage.
You feel much better.
The killer bee zombie hits you but does no damage.
The killer bee zombie closely misses you.
The rime drake bites you but does no damage.
The killer bee zombie completely misses you.
The rime drake breathes ice at you. The flash freeze hits you!!
Ouch! That really hurt!
You are encased in ice.
Unknown command.
You claw the rime drake!
You headbutt the rime drake, but do no damage.
The rime drake is moderately wounded.
The killer bee zombie hits you. The rime drake bites you.
* * * LOW HITPOINT WARNING * * *
The killer bee zombie hits you!
* * * LOW HITPOINT WARNING * * *
You claw the rime drake! Your headbutt misses the rime drake.
The rime drake is heavily wounded.
The ice encasing you melts away.
The killer bee zombie closely misses you.
The rime drake bites you.
* * * LOW HITPOINT WARNING * * *
The killer bee zombie hits you.
You die...
Xom howls with laughter!

# ###.
...)>####
#..J.k@#
#.?.##Z#
#. #.#
#......#
.........
##........
##.......#
#########


You could see a rime drake (catching breath), a jelly and a killer bee zombie.

Vanquished Creatures
  Crazy Yiuf (D:3)
  An orc wizard (D:4)
  A hound skeleton (D:4)
  Robin (D:4)
  6 adders
  An adder skeleton (D:2)
  5 worms
  4 orcs
  2 bats (D:2)
  5 endoplasms
  2 giant cockroaches
  15 goblins
  4 hobgoblins (D:4)
  11 jackals
  4 quokkas
  4 ball pythons
  7 frilled lizards
  6 kobolds
  3 rats (D:1)
83 creatures vanquished.

Vanquished Creatures (others)
  2 plants (D:3)
2 creatures vanquished.

Grand Total: 85 creatures vanquished

Notes
Turn   | Place    | Note
-------+----------+-------------------------------------------
     0 | D:1      | dduke234 the Troll Monk began the quest for the Orb.
     0 | D:1      | Reached XP level 1. HP: 22/22 MP: 0/0
   157 | D:1      | Found Meoreewi's Distillery.
   162 | D:1      | Found Jonuocaf's Armour Shoppe.
   241 | D:1      | Reached XP level 2. HP: 29/29 MP: 1/1
   300 | D:1      | Gained mutation: You are agile. (Dex +2) [potion of
                  | mutation]
   300 | D:1      | Gained mutation: You expend magic power (3 MP) to
                  | strengthen your wands. [potion of mutation]
   300 | D:1      | Gained mutation: You possess an exceptional clarity of
                  | mind. [potion of mutation]
   300 | D:1      | Gained mutation: You have a pair of small horns on your
                  | head. [potion of mutation]
   472 | D:1      | Found Mimoscheog's Weapon Boutique.
   694 | D:2      | Reached XP level 3. HP: 36/36 MP: 2/2
   899 | D:2      | Reached XP level 4. HP: 42/44 MP: 3/3
   902 | D:2      | Reached skill level 4 in Unarmed Combat
  1496 | D:3      | Found a faded altar of an unknown god.
  1523 | D:3      | Became a worshipper of Xom of Chaos
  1714 | D:3      | Found a runed translucent door.
  1715 | D:3      | Noticed Crazy Yiuf
  1791 | D:3      | Reached skill level 1 in Armour
  1861 | D:3      | Found a radiant altar of Vehumet.
  2088 | D:3      | Killed Crazy Yiuf
  2089 | D:3      | Reached XP level 5. HP: 35/52 MP: 0/4
  2278 | D:4      | Noticed Robin
  2287 | D:4      | Killed Robin
  2288 | D:4      | Reached skill level 5 in Unarmed Combat
  2359 | D:4      | Noticed a centaur
  2360 | D:4      | You fall into a shaft and drop 3 floors!
  2361 | D:7      | Noticed a hornet
  2366 | D:7      | Noticed a rime drake
  2366 | D:7      | a hornet changed into a rime drake
  2366 | D:7      | XOM: polymorph hornet -> rime drake
  2369 | D:7      | Slain by a killer bee zombie

Illustrated notes

Levels and vault maps discovered:
D:1:      dpeg_chamrin_arrival_tetris, layout_basic, serial_shops,
          nicolae_shop_behind_doors, nicolae_shop_window_shopping, shop
D:2:      minmay_skewed_foursquare, layout_loops_ring
D:3:      layout_rooms, marbit_many_paths,
          shapermc_ecumenical_altar_mp_urbaneastern, uniq_crazy_yiuf_cottage
D:4:      layout_basic, kennysheep_mini_moat, serial_shops, nicolae_shop_trees,
          minmay_manual_mares, uniq_robin
D:7:      layout_basic, old_standard_altar, uniq_menkaure

Skill      XL: |  1  2  3  4  5 |
---------------+----------------+-----
Unarmed Combat | 4 5 |  5.0
Dodging        | 3 |  3.4
Armour         | 1 |  1.2
Fighting       | 3 |  3.0
Stealth        | |  1.0

Action                   |  1- 3 |  4- 6 || total
-------------------------+-------+-------++-------
Melee: Unarmed           |    77 |   123 ||   200
       Headbutt          |     7 |    17 ||    24
       Punch             |     1 |     1 ||     2
  Use: Scroll            |     3 |     4 ||     7
       Potion            |     2 |     2 ||     4
 Stab: Sleeping          |     3 |     2 ||     5
Armor: Robe              |    36 |    50 ||    86
Dodge: Dodged            |    47 |   107 ||   154

Table legend: (Time is in decaauts)
 A = Elapsed time spent in this place.
 B = Non-inter-level travel time spent in this place.
 C = Inter-level travel time spent in this place.
 D = Time resting spent in this place.
 E = Time spent auto-exploring this place.
 F = Levels seen in this place.
 G = Mean time per level.
                   A        B        C        D        E       F      G
               +--------+--------+--------+--------+--------+-----+--------+
         Total |   2356 |   2218 |    138 |      0 |   1687 |   5 |  471.2 |
       Dungeon |   2356 |   2218 |    138 |      0 |   1687 |   5 |  471.2 |
               +--------+--------+--------+--------+--------+-----+--------+

Top non-repeatable levels by time:
     D:2: 758 daAuts
     D:1: 675 daAuts
     D:3: 667 daAuts
     D:4: 243 daAuts
     D:7: 11 daAuts
